 Dungeon Crawl Stone Soup version 0.22-a0-322-g60b3cfd (webtiles) character file.

270 sankara the Chiller (level 6, 0/45 HPs)
             Began as a Ghoul Ice Elementalist on Apr 4, 2018.
             Slain by a wight
             ... wielding a +0 dire flail
              (5 damage)
             ... on level 4 of the Dungeon.
             The game lasted 00:15:55 (3459 turns).

sankara the Chiller (Ghoul Ice Elementalist)        Turns: 3459, Time: 00:15:56

Health: 0/45       AC:  4    Str:  9 (12) XL:     6   Next: 22%
Magic:  5/9        EV: 12    Int: 10 (12) God:
Gold:   151        SH:  0    Dex:  8 (9)  Spells: 3/11 levels left

rFire    . . .     SeeInvis +   b - +0 dagger (protect)
rCold    + . .     Gourm    .   (no shield)
rNeg     + + +     Faith    .   f - +0 robe
rPois    ∞         Spirit   .   (no helmet)
rElec    .         Reflect  .   d - +1 cloak
rCorr    .         Harm     .   (no gloves)
MR       .....                  (no boots)
Stlth    +++.......             (no amulet)
HPRegen  0.00/turn              g - ring of see invisible {sInv, !d}
MPRegen  0.11/turn              h - ring of stealth {Stlth+}

@: rotting
A: rotting body, claws 1, carnivore, cold resistance 1, negative energy
resistance 3, inhibited regeneration, torment resistance, unbreathing
a: no special abilities


You were on level 4 of the Dungeon.
You were not hungry.

You visited 1 branch of the dungeon, and saw 4 of its levels.

You collected 151 gold pieces.

Inventory:

Hand Weapons
 a - a +2 dagger of venom
   (You took it off an orc wizard on level 3 of the Dungeon)
 b - a +0 dagger of protection (weapon)
   (You took it off a goblin on level 1 of the Dungeon)
 r - a +0 blowgun
   (You took it off a kobold on level 3 of the Dungeon)
Missiles
 e - 223 stones (quivered)
 l - 4 poisoned tomahawks
 t - 14 poisoned needles
Armour
 d - a +1 cloak (worn)
   (You found it on level 1 of the Dungeon)
 f - a +0 robe (worn)
Jewellery
 g - a ring of see invisible (left claw) {sInv, !d}
   (You found it on level 1 of the Dungeon)
 h - a ring of stealth (right claw) {Stlth+}
   (You found it on level 1 of the Dungeon)
 k - a +3 ring of dexterity
   (You found it on level 4 of the Dungeon)
Wands
 o - a wand of polymorph (10)
   (You found it on level 2 of the Dungeon)
Scrolls
 j - a scroll of magic mapping {!r}
 s - 2 scrolls of identify {unknown}
Potions
 i - 2 potions of berserk rage {unknown}
 q - 2 potions of curing {unknown}
Comestibles
 c - 3 rations


   Skills:
 - Level 2.0 Dodging
 - Level 3.0 Stealth
 + Level 3.2 Spellcasting
   Level 0.7 Conjurations
 + Level 1.3 Charms
 + Level 1.7 Summonings
 + Level 5.0 Ice Magic


You had 3 spell levels left.
You knew the following spells:

 Your Spells              Type           Power        Failure   Level  Hunger
a - Freeze                Ice            ##..         3%          1    #......
b - Ozocubu's Armour      Chrm/Ice       #.......     22%         3    ###....
c - Summon Ice Beast      Ice/Summ       #.......     56%         4    #####..


Dungeon Overview and Level Annotations

Branches:
Dungeon (4/15)
 Temple: D:4-7

Altars:
Xom

Annotations:
D:3 4thArraOfDagon's ghost, amateur HaWn
D:4 exclusion: Sigmund, Sigmund


Innate Abilities, Weirdness & Mutations

Your body is rotting away.
You thrive on raw meat.
You are immune to poison.
You have sharp fingernails.
You are carnivorous and can eat meat at any time.
Your flesh is cold resistant. (rC+)
You are immune to negative energy. (rN+++)
You do not regenerate when monsters are visible.
You are immune to unholy pain and torment.
You can survive without breathing.


Message History

You open the door.
There is an open door here.
The orc shouts!
You hit the orc.
The orc is poisoned.
The orc is heavily wounded.
The orc barely misses you.
You closely miss the orc.
The orc is almost dead.
The orc hits you but does no damage.
You barely miss the orc.
The orc is almost dead.
The orc hits you.
You barely miss the orc.
The orc is almost dead.
You kill the orc!
No target in view!
You see here a leather armour.
There is an open door here.
There is a stone staircase leading up here.
You climb upwards.
Level annotation: 4thArraOfDagon's ghost, amateur HaWn
There is a stone staircase leading down here.
You climb downwards.
Level annotation: exclusion: Sigmund, Sigmund
There is a stone staircase leading up here.
There is an open door here.
HP restored.
Things that are here:
a chain mail; a dagger A wight comes into view.
It is wielding a dire flail.
The wight moves out of view.
A wight comes into view. It is wielding a spear.
The wight moves out of view.
A wight comes into view. It is wielding a great sword.
A wight comes into view. It is wielding a flail.
An orc comes into view.
There is an open door here.
There is a stone staircase leading up here.
Your +2 dagger of venom stops dripping with poison.
Your +0 dagger of protection hums with potential!
b - a +0 dagger of protection (weapon)
Casting: Ozocubu's Armour (safe; 22% risk of failure)
Confirm with . or Enter, or press ? or * to list all spells.
A film of ice covers your body!
Casting: Ozocubu's Armour (safe; 22% risk of failure)
Confirm with . or Enter, or press ? or * to list all spells.
The spell is very dangerous to cast (56% risk of failure)!
Continue anyway?
A chill wind blows around you. The wight barely misses you.
You barely miss the wight. You hit the wight but do no damage.
Your weapon exudes an aura of protection.
The wight hits you but does no damage.
Your ice beast barely misses the wight.
All of the chunks of flesh in your inventory have rotted away.
You barely miss the wight. The wight hits you but does no damage.
Your ice beast hits the wight but does no damage.
You hit the wight but do no damage. The wight hits you with a dire flail!
Your ice beast hits the wight.
Your ice beast freezes the wight.
The wight resists.
You hit the wight but do no damage.
The wight is lightly damaged.
The wight misses you.
Your ice beast hits the wight.
Your ice beast freezes the wight.
The wight resists.
You hit the wight but do no damage.
The wight is moderately damaged.
The wight closely misses you.
Your ice beast barely misses the wight.
You hit the wight but do no damage.
The wight is moderately damaged.
The wight barely misses you.
Your ice beast hits the wight.
Your ice beast freezes the wight.
The wight resists.
You hit the wight but do no damage.
The wight is heavily damaged.
The wight barely misses you.
Your ice beast hits the wight but does no damage.
You hit the wight but do no damage.
The wight is heavily damaged.
The wight barely misses you.
Your ice beast barely misses the wight.
You closely miss the wight.
The wight is heavily damaged.
The wight hits you but does no damage.
Your ice beast hits the wight but does no damage.
You closely miss the wight.
The wight is heavily damaged.
The wight hits you with a dire flail!
Your ice beast barely misses the wight.
You barely miss the wight.
The wight is heavily damaged.
Your ice beast hits the wight but does no damage.
You hit the wight.
The wight is heavily damaged.
The wight hits you with a dire flail!
* * * LOW HITPOINT WARNING * * *
Your ice beast barely misses the wight.
Your icy armour cracks and falls away as you move.
Your ice beast disappears in a puff of smoke!
The wight hits you with a dire flail.
* * * LOW HITPOINT WARNING * * *
There is an open door here.
You see here a spear.
There is a stone staircase leading up here.
The wight hits you with a dire flail.
You die...

.#.##......................#
#.##................########
.##.................#
##..................########
#...........................
....[...............########
....[...............#
######'##############
.....#.........z@..#
.....#....)........#
.....#.............#
.....'.............#
####################


You could see a wight.

Vanquished Creatures
  A howler monkey (D:2)
  An orc wizard (D:3)
  Jessica (D:2)
  A worker ant (D:4)
  7 adders
  4 dart slugs
  A leopard gecko (D:2)
  7 orcs
  4 giant cockroaches
  10 goblins
  6 hobgoblins
  4 jackals (D:2)
  8 kobolds
  A quokka (D:2)
  10 bats
  2 frilled lizards
  8 rats
76 creatures vanquished.

Notes
Turn   | Place    | Note
-------+----------+-------------------------------------------
     0 | D:1      | sankara the Ghoul Ice Elementalist began the quest for the Orb.
     0 | D:1      | Reached XP level 1. HP: 14/14 MP: 2/2
   149 | D:1      | Reached skill level 2 in Dodging
   149 | D:1      | Reached XP level 2. HP: 20/20 MP: 0/3
   175 | D:1      | Reached skill level 2 in Spellcasting
   958 | D:2      | Reached XP level 3. HP: 24/26 MP: 1/5
   974 | D:2      | Learned a level 3 spell: Ozocubu's Armour
  1185 | D:2      | Reached skill level 3 in Stealth
  1216 | D:2      | Noticed Jessica
  1238 | D:2      | Reached XP level 4. HP: 26/33 MP: 2/6
  1253 | D:2      | Reached skill level 4 in Ice Magic
  1315 | D:2      | Killed Jessica
  1315 | D:2      | Reached skill level 1 in Charms
  1485 | D:2      | Learned a level 4 spell: Summon Ice Beast
  1836 | D:2      | Reached XP level 5. HP: 37/38 MP: 4/8
  2352 | D:2      | Reached skill level 3 in Spellcasting
  2352 | D:2      | Reached skill level 1 in Summonings
  2647 | D:3      | Found a faded altar of an unknown god.
  2702 | D:3      | Found a shimmering altar of Xom.
  2733 | D:3      | Reached XP level 6. HP: 42/45 MP: 9/9
  2747 | D:3      | Noticed 4thArraOfDagon's ghost (amateur HaWn)
  3098 | D:4      | Noticed Sigmund
  3207 | D:4      | Reached skill level 5 in Ice Magic
  3440 | D:4      | HP: 9/45 [wight/dire flail (9)]
  3459 | D:4      | Slain by a wight

Vault maps used:
D:1:      eino_arrival_cavern_d
D:2:      kennysheep_generic_room_5, uniq_jessica
D:3:      xom_teletrap_fun, chequers_ecumenical_altar_simple_redux,
          uniq_crazy_yiuf_cottage
D:4:      temple_doors_cd, first_ration, st_stairs_11, hangedman_decor_opposing,
          kennysheep_small_circle, uniq_sigmund, uniq_edmund

Skill      XL: |  1  2  3  4  5  6 |
---------------+-------------------+-----
Dodging        | 2 |  2.0
Spellcasting   | 2 3 |  3.2
Stealth        | 3 |  3.0
Ice Magic      | 4 5 |  5.0
Charms         | 1 |  1.3
Summonings     | 1 |  1.7
Conjurations   | |  0.7

Action                   |  1- 3 |  4- 6 || total
-------------------------+-------+-------++-------
Melee: Dagger            |    43 |   175 ||   218
       Unarmed           |     2 |       ||     2
 Cast: Freeze            |    26 |    51 ||    77
       Ozocubu's Armour  |       |     4 ||     4
       Summon Ice Beast  |       |     1 ||     1
  Use: Scroll            |       |     4 ||     4
       Potion            |       |     1 ||     1
 Stab: Sleeping          |    10 |     4 ||    14
  Eat: Chunk             |     4 |     9 ||    13
Armor: Robe              |    13 |    70 ||    83
Dodge: Dodged            |    35 |   143 ||   178

Table legend:
 A = Spawn XP
 B = Non-spawn XP
 C = Spawn XP percentage of total XP
 D = Spawn monster count
 E = Non-spawn monster count
 F = Spawn count percentage of total count
 G = Total turns spent on level
                    A         B        C        D         E        F      G
               +---------+---------+-------+---------+---------+-------+---------
         Total |       0 |     386 |   0.0 |       0 |      76 |   0.0 |  3459
               +---------+---------+-------+---------+---------+-------+---------
           D:1 |       0 |      29 |   0.0 |       0 |      14 |   0.0 |   898
           D:2 |       0 |     227 |   0.0 |       0 |      39 |   0.0 |  1786
           D:3 |       0 |      69 |   0.0 |       0 |      16 |   0.0 |   371
           D:4 |       0 |      61 |   0.0 |       0 |       7 |   0.0 |   404
               +---------+---------+-------+---------+---------+-------+---------

Vault maps used:
D:1:      eino_arrival_cavern_d
D:2:      kennysheep_generic_room_5, uniq_jessica
D:3:      xom_teletrap_fun, chequers_ecumenical_altar_simple_redux,
          uniq_crazy_yiuf_cottage
D:4:      temple_doors_cd, first_ration, st_stairs_11, hangedman_decor_opposing,
          kennysheep_small_circle, uniq_sigmund, uniq_edmund

Table legend:
 A = Turns spent in this place as a percentage of turns spent in the entire game.
 B = Non-inter-level travel turns spent in this place as a percentage of non-inter-level travel turns spent in the entire game.
 C = Inter-level travel turns spent in this place as a percentage of turns spent in this place.
 D = Turns resting spent in this place as a percentage of non-inter-level travel turns spent in this place.
 E = Turns spent auto-exploring this place as a percentage of non-inter-level travel turns spent in this place.
 F = Non-inter-level travel turns spent in this place divided by the number of levels of this place that you've seen.
                   A       B       C       D       E      F
               +-------+-------+-------+-------+-------+----------------------
         Total | 100.0 | 100.0 |   3.5 |  26.1 |  45.1 | 834.5
       Dungeon | 100.0 | 100.0 |   3.5 |  26.1 |  45.1 | 834.5
               +-------+-------+-------+-------+-------+----------------------

Table legend:
 A = Kills in this place as a percentage of kills in entire the game.
 B = Kills by you in this place as a percentage of kills by you in the entire game.
 C = Kills by friends in this place as a percentage of kills by friends in the entire game.
 D = Other kills in this place as a percentage of other kills in the entire game.
 E = Experience gained in this place as a percentage of experience gained in the entire game.
 F = Experience gained in this place divided by the number of levels of this place that you have seen.
                   A       B       C       D       E      F
               +-------+-------+-------+-------+-------+----------------------
         Total | 100.0 | 100.0 |   N/A |   N/A | 100.0 |  96.5
       Dungeon | 100.0 | 100.0 |   N/A |   N/A | 100.0 |  96.5
               +-------+-------+-------+-------+-------+----------------------
